 Dungeon Crawl Stone Soup version 0.30-a0-591-g3c58d2bc28 (webtiles) character file.

Game seed: 6937643176616697662

2865 Newt the Trooper (level 9, -2/69 HPs)
             Began as a Demonspawn Gladiator on Jan 5, 2023.
             Was a Follower of Wu Jian.
             Slain by a two-headed ogre
             ... wielding a +0 giant spiked club
              (18 damage)
             ... on level 8 of the Dungeon.
             The game lasted 00:10:29 (7089 turns).

Newt the Trooper (Demonspawn Gladiator)             Turns: 7089, Time: 00:10:29

Health: -2/69      AC: 22    Str: 18    XL:     9   Next: 47%
Magic:  9/9        EV: 12    Int: 15    God:    Wu Jian [*.....]
Gold:   268        SH:  0    Dex: 15    Spells: 8/8 levels left

rFire   x . .      SeeInvis +    C - +3 great sword (freeze)
rCold   . . .      Faith    .    (shield currently unavailable)
rNeg    . . .      Spirit   .    o - +5 ring mail of Vohesecw {rF- rCorr Int+5}
rPois   .          Reflect  .    c - +1 helmet
rElec   .          Harm     .    t - +0 cloak
rCorr   +          Rampage  .    (no gloves)
Will    .....                    s - +1 pair of boots
Stlth   +                        (no amulet)
HPRegen 0.31/turn                e - ring of see invisible
MPRegen 0.11/turn                y - ring of wizardry

@: sanguine armoured, studying Dodging
A: foul stench 3, spiny 3, sanguine armour 1, weakness stinger 1
a: Renounce Religion


You were on level 8 of the Dungeon.
You worshipped Wu Jian.
Wu Jian was aware of your devotion.
You visited 1 branch of the dungeon, and saw 8 of its levels.

You collected 462 gold pieces.
You spent 194 gold pieces at shops.

Inventory:

Hand Weapons
 a - a +0 rapier
 n - a +0 dagger
 u - a +4 quarterstaff of chaos
 x - a +0 lajatang
 C - a +3 great sword of freezing (weapon)
Missiles
 d - a throwing net (quivered)
 j - 51 stones
 k - a javelin
 B - 8 poisoned darts
Armour
 b - a +0 leather armour
 c - a +1 helmet (worn)
 o - the +5 ring mail of Vohesecw (worn) {rF- rCorr Int+5}
   (You found it on level 3 of the Dungeon)

   Int:       It affects your intelligence (+5).
   rF:        It makes you vulnerable to fire.
   rCorr:     It protects you from acid and corrosion.
 s - a +1 pair of boots (worn)
 t - a +0 cloak (worn)
Jewellery
 e - a ring of see invisible (left hand)
 y - a ring of wizardry (right hand)
 H - a +6 ring of intelligence
Wands
 w - a wand of polymorph (7)
 A - a wand of flame (21)
 F - a wand of mindburst (4)
Scrolls
 g - 4 scrolls of immolation
 i - 3 scrolls of teleportation
 m - a scroll of magic mapping
 p - a scroll of blinking
 q - 3 scrolls of enchant armour
 G - a scroll of fog
 I - a scroll of butterflies {unknown}
 K - 2 scrolls of identify
Potions
 f - 2 potions of lignification
 h - 8 potions of curing
 l - a potion of brilliance
 r - 2 potions of attraction
 v - a potion of magic
 z - 2 potions of berserk rage
 D - 3 potions of cancellation
 E - a potion of flight {unknown}
 J - a potion of resistance {unknown}


   Skills:
 - Level 6.0 Fighting
 - Level 2.6(4.5) Short Blades
 - Level 5.6(6.0) Long Blades
 - Level 4.0 Staves
 - Level 3.0 Throwing
 + Level 5.4 Armour
 - Level 4.0 Dodging
 - Level 2.0 Stealth
 - Level 4.0 Evocations


You had 8 spell levels left.
You didn't know any spells.
Your spell library contained the following spells:

 Spells                   Type           Power      Damage    Failure   Level
 Sandblast                Erth           0%         2d4       17%         1
 Ensorcelled Hibernation  Hex/Ice        0%         N/A       26%         2
 Passwall                 Tmut/Erth      0%         N/A       26%         2
 Scorch                   Fire           0%         2d5       26%         2
 Spider Form              Tmut/Pois      0%         N/A       45%         3
 Stone Arrow              Conj/Erth      0%         3d7       45%         3
 Anguish                  Hex/Necr       0%         N/A       85%         4
 Flame Wave               Conj/Fire      0%         2d4       85%         4
 Summon Cactus Giant      Summ           0%         N/A       100%        6
 Chain Lightning          Conj/Air       0%         N/A       100%        9
 Fire Storm               Conj/Fire      0%         5d1       100%        9
 Shatter                  Erth           0%         3d5*      100%        9


Dungeon Overview and Level Annotations

Branches:
Dungeon (8/15)             Temple (0/1) D:6
   Lair: D:8-11

Altars:
Ashenzari
Fedhas
Kikubaaqudgha
Ru
Trog
Vehumet
Wu Jian

Shops:
D:1 [   D:4 [   D:7 (****


Innate Abilities, Weirdness & Mutations

You frequently emit foul miasma when damaged in melee.
You are completely covered in sharp spines.
When seriously injured, your blood forms armour. (AC +6)
You have a small tail.


Message History

Found 8 stones.
An orc priest comes into view. It is wielding a +0 war axe.
The two-headed ogre is struck by your spines.
The two-headed ogre hits you with a +0 giant spiked club!
The two-headed ogre hits you with a +0 giant club!
You emit a cloud of foul miasma!
You hit the two-headed ogre. You freeze the two-headed ogre.
You tail-slap the two-headed ogre, but do no damage.
The two-headed ogre is moderately wounded.
You closely miss the two-headed ogre.
The two-headed ogre is moderately wounded.
The two-headed ogre is engulfed in dark miasma.
The two-headed ogre is poisoned.
The two-headed ogre is struck by your spines.
The two-headed ogre closely misses you.
The two-headed ogre hits you but does no damage.
The orc priest calls down the wrath of Beogh upon you.
Beogh smites you!
Your blood congeals into armour.
You are too injured to fight recklessly!
Unknown command.
You barely miss the two-headed ogre.
Your tail-slap misses the two-headed ogre.
The two-headed ogre is heavily wounded.
The two-headed ogre is engulfed in dark miasma.
The two-headed ogre looks even sicker.
The two-headed ogre barely misses you.
The two-headed ogre hits you with a +0 giant club!
* * * LOW HITPOINT WARNING * * *
The orc misses you. The orc hits you but does no damage.
Unknown command.
The two-headed ogre attacks as you move away!
The two-headed ogre is struck by your spines.
The two-headed ogre closely misses you.
The two-headed ogre hits you with a +0 giant club.
* * * LOW HITPOINT WARNING * * *
You see here 17 gold pieces.
The orc attacks as you move away! The orc misses you.
The two-headed ogre attacks as you move away!
The two-headed ogre is struck by your spines.
The two-headed ogre hits you with a +0 giant spiked club!!
You die...

#### #.. #.# ####.######
########.........# #
.........<#.####.###.##
##...................
.####.##...#.###@.......
...........#.# #oO###.#.
.####.##...#.# #o.# #.
#...#.# oo..( #
###.....#......
#.#..........#
#.#####...#### #.. ....#
.. ....#


You could see a two-headed ogre (very poisoned), 2 orc priests and 2 orcs.

Vanquished Creatures
  Menkaure (D:5)
  3 water moccasins
  2 ice beasts (D:6)
  2 sky beasts (D:7)
  2 black bears
  2 ogres
  A phantom (D:5)
  A gnoll sergeant (D:6)
  A bullfrog (D:6)
  3 necrophages (D:6)
  2 scorpions
  A wight (D:6)
  8 killer bees (D:7)
  2 centaur zombies (D:6)
  3 bullfrog zombies (D:6)
  2 jellies
  A human zombie (D:6)
  Crazy Yiuf (D:3)
  An orc priest (D:3)
  3 hounds
  A gnoll bouda (D:5)
  An iguana (D:7)
  2 orc wizards
  A killer bee zombie (D:6)
  A mummy (D:6)
  3 adders
  13 gnolls
  2 shadow imps (D:7)
  2 ufetubi (D:5)
  2 worms
  3 dart slugs (D:2)
  14 orcs
  9 endoplasms
  4 giant cockroaches
  11 goblins
  7 hobgoblins
  8 kobolds
  10 quokkas
  4 ball pythons
  10 bats
  2 frilled lizards
  3 rats
155 creatures vanquished.

Notes
Turn   | Place    | Note
-------+----------+-------------------------------------------
     0 | D:1      | Newt the Demonspawn Gladiator began the quest for the Orb.
     0 | D:1      | Reached XP level 1. HP: 16/16 MP: 1/1
   159 | D:1      | Reached skill level 1 in Stealth
   697 | D:1      | Gained mutation: You are partially covered in sharp spines.
                  | [demonic ancestry]
   697 | D:1      | Reached XP level 2. HP: 22/22 MP: 2/2
   992 | D:1      | Found Neottom's Armour Emporium.
  1168 | D:2      | Gained mutation: You are mostly covered in sharp spines.
                  | [demonic ancestry]
  1168 | D:2      | Reached XP level 3. HP: 28/28 MP: 3/3
  1250 | D:2      | Reached skill level 3 in Fighting
  1772 | D:3      | Found a faded altar of an unknown god.
  1847 | D:3      | Identified the +5 ring mail of Vohesecw {rF- rCorr Int+5}
  1955 | D:3      | Found a large runed translucent door.
  1956 | D:3      | Found a large runed translucent door.
  1995 | D:3      | Gained mutation: You may rarely emit foul miasma when
                  | damaged in melee. [demonic ancestry]
  1995 | D:3      | Reached XP level 4. HP: 37/37 MP: 4/4
  2134 | D:3      | Reached skill level 4 in Fighting
  2479 | D:3      | Found a bloodstained altar of Trog.
  2514 | D:3      | Gained mutation: You sometimes emit foul miasma when
                  | damaged in melee. [demonic ancestry]
  2514 | D:3      | Reached XP level 5. HP: 42/42 MP: 5/5
  2802 | D:3      | Found a runed translucent door.
  2804 | D:3      | Noticed Crazy Yiuf
  2814 | D:3      | Killed Crazy Yiuf
  2989 | D:3      | Found a broken altar of Ashenzari.
  3047 | D:4      | Reached skill level 1 in Armour
  3072 | D:4      | Found Ruid's Armour Boutique.
  3089 | D:4      | Gained mutation: You have a small tail. [demonic ancestry]
  3089 | D:4      | Reached XP level 6. HP: 43/48 MP: 6/6
  3893 | D:4      | Gained mutation: When seriously injured, your blood forms
                  | armour. (AC +6) [demonic ancestry]
  3893 | D:4      | Reached XP level 7. HP: 54/54 MP: 7/7
  4069 | D:4      | Found a sacrificial altar of Ru.
  4224 | D:5      | Entered Level 5 of the Dungeon
  4233 | D:5      | Reached skill level 1 in Staves
  4530 | D:5      | Found a radiant altar of Vehumet.
  4545 | D:5      | Noticed Menkaure
  4554 | D:5      | Killed Menkaure
  4950 | D:5      | Gained mutation: You frequently emit foul miasma when
                  | damaged in melee. [demonic ancestry]
  4950 | D:5      | Reached XP level 8. HP: 61/61 MP: 8/8
  5088 | D:6      | Found an ornate altar of the Wu Jian Council.
  5112 | D:6      | Became a worshipper of the Wu Jian Council
  5473 | D:6      | Reached skill level 5 in Fighting
  5564 | D:6      | Found an ancient bone altar of Kikubaaqudgha.
  5575 | D:6      | Reached skill level 6 in Fighting
  5589 | D:6      | Reached skill level 1 in Long Blades
  5727 | D:6      | Found a staircase to the Ecumenical Temple.
  6059 | D:6      | Reached skill level 5 in Long Blades
  6301 | D:6      | Gained mutation: You are completely covered in sharp
                  | spines. [demonic ancestry]
  6301 | D:6      | Reached XP level 9. HP: 69/69 MP: 9/9
  6347 | D:7      | Reached skill level 1 in Evocations
  6374 | D:7      | Found Tuadun's Weapon Boutique.
  6386 | D:7      | Found Vilomeuq's Assorted Antiques.
  6417 | D:7      | Found Keoz's General Store.
  6431 | D:7      | Bought a scroll of identify for 30 gold pieces
  6516 | D:7      | Reached * piety under Wu Jian
  6673 | D:7      | Found a blossoming altar of Fedhas.
  6685 | D:7      | Found Oppocien's Assorted Antiques.
  6701 | D:7      | Bought a scroll labelled ZELLIKIAPP for 22 gold pieces
  6701 | D:7      | Identified a scroll of acquirement
  6701 | D:7      | Acquired a manual of Dodging
  6703 | D:7      | Bought a scroll labelled ZELLIKIAPP for 22 gold pieces
  6791 | D:7      | Reached skill level 5 in Armour
  6895 | D:7      | Found Orie's Assorted Antiques.
  6904 | D:7      | Bought an emerald ring for 100 gold pieces
  6904 | D:7      | Bought a scroll labelled SERCHAATUBE for 20 gold pieces
  7082 | D:8      | Noticed a two-headed ogre
  7089 | D:8      | Slain by a two-headed ogre

Illustrated notes

Levels and vault maps discovered:
D:1:      kilobyte_arrival_exit_the_forest, layout_loops_cross, serial_shops,
          nicolae_shop_stone
D:2:      layout_basic, minmay_misc_feat_diagonals, nicolae_underground_beach
D:3:      layout_basic, trog_butcher_becter, jmf_multi_god_temple2,
          hellmonk_ecumenical_altar_pennies_from_heaven, uniq_crazy_yiuf_cottage
D:4:      minmay_inner_zag, layout_gridville, nicolae_ru_the_path_less_chosen,
          serial_shops, shop
D:5:      layout_basic, nicolae_vehumet_radiance, uniq_menkaure
D:6:      minmay_klotski, layout_layer_cave,
          lemuel_mausoleum_altar_kikubaaqudgha, nicolae_wu_jian_wuxing_cycle,
          minmay_temple_entry_mist
D:7:      layout_basic, nicolae_tso_carved_into_rock,
          mainiacjoe_overflow_surrounded_room, serial_shops,
          nicolae_shop_overgrown_old_shop, nicolae_lakefront_shop,
          nicolae_stop_n_shop_1, nicolae_shop_hallway_stairs, shop,
          supply_closet_lemuel, eino_jars
D:8:      layout_loops_ring, grunt_temple_overflow_champion_of_chaos,
          serial_shops, nicolae_square_shop, kennysheep_cross_room

Skill      XL: |  1  2  3  4  5  6  7  8  9 |
---------------+----------------------------+-----
Stealth        | 1 2 |  2.0
Fighting       | 3 4 6 |  6.0
Dodging        | 3 4 |  4.0
Armour         | 2 4 5 |  5.4
Throwing       | 2 3 |  3.0
Staves         | 4 |  4.0
Long Blades    | 5 |  5.6
Evocations     | 4 |  4.0
Short Blades   | |  2.6

Action                   |  1- 3 |  4- 6 |  7- 9 || total
-------------------------+-------+-------+-------++-------
Melee: Rapier            |    71 |    85 |       ||   156
       Punch             |       |     1 |       ||     1
       Lajatang          |       |    14 |    68 ||    82
       Tailslap          |       |     6 |    23 ||    29
       Great sword       |       |       |    66 ||    66
Throw: Javelin           |     1 |     1 |       ||     2
       Throwing net      |       |     1 |     1 ||     2
Invok: Lunge             |       |       |     5 ||     5
  Use: Scroll            |     8 |     2 |     5 ||    15
 Stab: Sleeping          |     5 |     3 |     3 ||    11
       Held in net/web   |       |     1 |       ||     1
Armor: Leather armour    |    20 |       |       ||    20
       Ring mail         |     3 |    45 |    73 ||   121
Dodge: Dodged            |    36 |    31 |    77 ||   144

Table legend: (Time is in decaauts)
 A = Elapsed time spent in this place.
 B = Non-inter-level travel time spent in this place.
 C = Inter-level travel time spent in this place.
 D = Time resting spent in this place.
 E = Time spent auto-exploring this place.
 F = Levels seen in this place.
 G = Mean time per level.
                   A        B        C        D        E       F      G
               +--------+--------+--------+--------+--------+-----+--------+
         Total |   7160 |   6937 |    223 |    857 |   5110 |   8 |  895.0 |
       Dungeon |   7160 |   6937 |    223 |    857 |   5110 |   8 |  895.0 |
               +--------+--------+--------+--------+--------+-----+--------+

Top non-repeatable levels by time:
     D:3: 1289 daAuts
     D:6: 1259 daAuts
     D:4: 1193 daAuts
     D:1: 1166 daAuts
     D:5: 858 daAuts
     D:7: 766 daAuts
     D:2: 601 daAuts
     D:8: 26 daAuts
